AoeStats
← GS_JL

Arabian Desert

510539259Analyzed
1v1 RM · 21h ago on Oct 1, 2026· 44m 38s· 2 players
Game mode
Random Map
Map size
Tiny (2 player)
Population
200
Speed
Normal
Resources
Standard
Victory
Conquest
Starting age
Dark Age
Ending age
Imperial Age
RankedLock teamsTeams togetherTeam positionsShared explorationLock speedFull tech treeHidden civsTurbo modeCheats
Victory
Defeat
🇮🇳 Tatars · India
738
+35
🇰🇿 Slavs · Kazakhstan
733
-16
GS_JL
6:50 Loom
9:26 Feudal Age
10:38 Double-Bit Axe
11:30 Horse Collar
22:51 Castle Age
21:49 Scale Barding Armor
22:18 Bloodlines
23:12 Fletching
23:32 Forging
23:43 Bow Saw
23:40 Heavy Plow
26:42 Fletching
27:43 Husbandry
29:07 Padded Archer Armor
30:17 Stone Mining
32:03 Wheelbarrow
32:20 Iron Casting
31:41 Light Cavalry
35:38 Chain Barding Armor
40:31 Imperial Age
40:21 Hand Cart
40:35 Gold Mining
kingkong
7:22 Loom
9:56 Feudal Age
10:31 Double-Bit Axe
10:39 Gold Mining
14:00 Fletching
15:47 Wheelbarrow
17:33 Horse Collar
22:05 Castle Age
21:10 Padded Archer Armor
22:24 Crossbowman
23:13 Bodkin Arrow
24:46 Leather Archer Armor
26:55 Hand Cart
27:25 Masonry
26:56 Treadmill Crane
27:39 Ballistics
28:55 Bow Saw
28:53 Heavy Plow
29:29 Gold Shaft Mining
30:23 Stone Mining
34:12 Imperial Age
34:44 Masonry
34:57 Bracer
35:28 Ring Archer Armor
36:13 Chemistry
36:41 Heavy Cavalry Archer
37:48 Treadmill Crane
38:16 Siege Engineers
38:58 Crop Rotation
39:51 Bloodlines
39:41 Husbandry
Connection lost

Rejoining the realm…

Still unreachable

The connection could not be restored.

Session expired

The server has moved on; the page needs a fresh start.